Chicago Black Hawks vs Anaheim Ducks
Created - Friday, March 6, 2026 at 07:25
Goals
|
| Chicago Black Hawks |
0 |
1 |
1 |
2 |
| Anaheim Ducks |
1 |
2 |
1 |
4 |
|
Shots
|
| Chicago Black Hawks |
8 |
14 |
14 |
36 |
| Anaheim Ducks |
6 |
13 |
14 |
33 |
|
1st period
1. Anaheim Ducks , Alex Killorn 5 (Brayden Schenn 13) at 3:31
Penalties :
Ryan Suzuki (CHI) for Roughing (Minor) at 12:59
2nd period
2. Anaheim Ducks , Chandler Stephenson 12 (Mason Marchment 14, Mark Scheifele 20) at 0:04
3. Chicago Black Hawks , Leo Carlsson 21 (Lucas Raymond 26, Kevin Fiala 10) at 10:58 (PP)
4. Anaheim Ducks , Mark Scheifele 18 (Mason Marchment 15) at 12:14
Penalties :
Barrett Hayton (CHI) for Interference (Minor) at 0:52, Nazem Kadri (ANH) for High sticking (Minor) at 9:40
3rd period
5. Anaheim Ducks , Will Cuylle 7 (Ivan Provorov 9, Joshua Morrissey 12) at 10:12
6. Chicago Black Hawks , Eeli Tolvanen 3 (Shane Wright 13, Matthew Beniers 13) at 15:11
Penalties :
Kevin Fiala (CHI) for Holding Stick (Minor) at 4:25
Goalie Stats
Filip Gustavsson (CHI), 29 saves from 33 shots - (0.879), L, 12-10-1, 60:00 minutes
Linus Ullmark (ANH), 34 saves from 36 shots - (0.944), W, 22-6-4, 60:00 minutes
Players Stats for Chicago Black Hawks
Player Name G A P +/- PIM S H SB GA TA FO MP PP MP PK MP
------------------------------------------------------------------------------------
Barrett Hayton 0 0 0 -2 2 2 2 1 1 1 6/13 16:36 0:38 1:38
Brent Burns 0 0 0 0 0 1 1 3 0 0 0/0 25:53 0:40 2:49
Christopher Tanev 0 0 0 -3 0 0 0 4 0 0 0/0 19:37 0:38 2:38
Eeli Tolvanen 1 0 1 0 0 1 0 0 0 0 0/0 13:40 0:00 0:00
Justin Faulk 0 0 0 -3 0 2 1 1 0 2 0/0 19:37 0:38 2:38
Kevin Fiala 0 1 1 -1 2 1 2 0 0 0 0/0 18:12 0:40 1:53
Leo Carlsson 1 0 1 -1 0 4 1 0 1 1 12/26 19:46 0:40 3:17
Lucas Raymond 0 1 1 -1 0 5 2 3 0 0 1/3 19:37 0:40 3:17
Luke Glendening 0 0 0 0 0 1 3 1 0 0 4/5 8:45 0:00 0:00
Matthew Beniers 0 1 1 0 0 2 1 0 1 0 6/11 14:18 0:38 0:00
Morgan Geekie 0 0 0 -2 0 3 2 0 1 0 1/2 14:12 0:00 0:00
Noah Dobson 0 0 0 0 0 2 0 1 0 1 0/0 14:26 0:00 0:07
Ryan Lindgren 0 0 0 0 0 0 1 1 0 0 0/0 14:30 0:00 0:30
Ryan Suzuki 0 0 0 -2 2 1 2 1 0 0 0/0 14:30 0:00 0:00
Shane Wright 0 1 1 0 0 3 1 0 0 2 2/2 15:06 0:38 0:20
Trevor Lewis 0 0 0 0 0 0 2 0 0 1 0/0 8:45 0:00 0:00
Trevor Zegras 0 0 0 0 0 8 0 0 1 0 0/1 10:33 0:00 1:29
Zachary Werenski 0 0 0 0 0 0 0 1 1 1 0/0 25:57 0:40 3:12
Players Stats for Anaheim Ducks
Player Name G A P +/- PIM S H SB GA TA FO MP PP MP PK MP
------------------------------------------------------------------------------------
Alex Killorn 1 0 1 1 0 2 1 1 0 0 0/2 12:27 0:06 0:20
Brayden Schenn 0 1 1 1 0 2 1 2 1 0 0/1 15:34 3:18 0:20
Brenden Dillon 0 0 0 0 0 1 1 1 1 0 0/0 16:23 0:00 0:25
Chandler Stephenson 1 0 1 2 0 7 0 0 0 0 1/2 15:58 0:00 0:58
Conor Geekie 0 0 0 0 0 1 1 0 0 1 0/0 8:31 0:06 0:00
Esa Lindell 0 0 0 1 0 1 1 1 0 1 0/0 20:19 0:00 0:53
Ivan Provorov 0 1 1 2 0 0 0 0 0 2 0/0 20:27 2:22 0:53
J.T. Compher 0 0 0 1 0 0 1 0 0 0 3/6 13:05 0:06 0:58
John Tavares 0 0 0 0 0 4 1 1 0 0 8/19 19:57 2:33 0:00
Joshua Morrissey 0 1 1 2 0 2 1 2 1 0 0/0 20:41 3:35 0:00
Mark Scheifele 1 1 2 2 0 2 1 0 1 0 16/26 18:22 3:18 0:00
Mason Marchment 0 2 2 2 0 1 1 0 1 0 0/0 18:22 3:18 0:00
Morgan Rielly 0 0 0 1 0 2 2 1 0 0 0/0 23:10 3:35 0:00
Nazem Kadri 0 0 0 0 2 2 0 1 0 0 0/0 19:56 2:33 0:00
Parker Kelly 0 0 0 0 0 0 1 0 1 0 3/7 8:16 0:00 0:00
Philip Broberg 0 0 0 0 0 1 1 1 0 0 0/0 19:00 2:22 0:25
Will Cuylle 1 0 1 0 0 2 2 1 1 1 0/0 8:16 0:00 0:00
William Nylander 0 0 0 0 0 3 1 0 2 1 0/0 19:57 2:33 0:00
3 Stars
1 - Mark Scheifele (ANH)
2 - Mason Marchment (ANH)
3 - Linus Ullmark (ANH)
Power Play
Chicago Black Hawks - 1 on 1 Attempt(s) - 100.00%
Anaheim Ducks - 0 on 3 Attempt(s) - 0.00%
Penalty Kill
Chicago Black Hawks - 3 on 3 Attempt(s) - 100.00%
- Score 0 goal in Penalty Kill
Anaheim Ducks - 0 on 1 Attempt(s) - 0.00%
- Score 0 goal in Penalty Kill
Team Stat
Chicago Black Hawks - Hits : 21 - Faceoff Wins : 32 - Blocked Shots : 17 - Penalty Minutes : 6
Anaheim Ducks - Hits : 17 - Faceoff Wins : 31 - Blocked Shots : 12 - Penalty Minutes : 2
Official
Referees : Ghislain Hebert and Garrett Rank
Linesman : Julien Fournier and Ryan Gibbons
Game Notes
No Game Note
Finance
Level 1 -- Attendance: 5012 (83.53%) -- Ticket Income $501,200
Level 2 -- Attendance: 3749 (74.98%) -- Ticket Income $224,940
Level 3 -- Attendance: 2100 (70.00%) -- Ticket Income $96,600
Level 4 -- Attendance: 3500 (70.00%) -- Ticket Income $87,500
Luxury Box -- Attendance: 833 (83.30%) -- Ticket Income $166,600
Game was played at the Honda Center.
Total Attendance: 15194 (75.97%)
Total Ticket Income: $1,076,840
Other Income: $376,894
Total Income: $1,453,734
Chicago Black Hawks
5 vs 5 Forward
Center Left Wing Right Wing Time % Phy DF OF
1 Leo Carlsson Lucas Raymond Kevin Fiala 30 1 2 2
2 Barrett Hayton Ryan Suzuki Morgan Geekie 30 1 2 2
3 Matthew Beniers Shane Wright Eeli Tolvanen 25 1 2 2
4 Luke Glendening Trevor Zegras Trevor Lewis 15 1 2 2
5 vs 5 Defense
Defense Defense Time % Phy DF OF
1 Zachary Werenski Brent Burns 30 1 2 2
2 Justin Faulk Christopher Tanev 30 1 2 2
3 Noah Dobson Ryan Lindgren 25 1 2 2
4 Zachary Werenski Brent Burns 15 1 2 2
PowerPlay Forward
Center Left Wing Right Wing Time % Phy DF OF
1 Leo Carlsson Lucas Raymond Kevin Fiala 50 1 2 2
2 Barrett Hayton Matthew Beniers Shane Wright 50 1 2 2
PowerPlay Defense
Defense Defense Time % Phy DF OF
1 Zachary Werenski Brent Burns 50 1 2 2
2 Justin Faulk Christopher Tanev 50 1 2 2
Penalty Kill 4 Players Forward
Center Wing Time % Phy DF OF
1 Leo Carlsson Lucas Raymond 50 1 2 2
2 Kevin Fiala Barrett Hayton 50 1 2 2
Penalty Kill 4 Players Defense
Defense Defense Time % Phy DF OF
1 Zachary Werenski Brent Burns 50 1 2 2
2 Justin Faulk Christopher Tanev 50 1 2 2
Penalty Kill - 3 Players Forward
Forward Time % Phy DF OF
1 Leo Carlsson 50 1 2 2
2 Lucas Raymond 50 1 2 2
Penalty Kill - 3 Players Defense
Defense Defense Time % Phy DF OF
1 Zachary Werenski Brent Burns 50 1 2 2
2 Justin Faulk Christopher Tanev 50 1 2 2
4 vs 4 Forward
Center Wing Time % Phy DF OF
1 Leo Carlsson Lucas Raymond 50 1 2 2
2 Kevin Fiala Barrett Hayton 50 1 2 2
4 vs 4 Defense
Defense Defense Time % Phy DF OF
1 Zachary Werenski Brent Burns 50 1 2 2
2 Justin Faulk Christopher Tanev 50 1 2 2
Last Minutes Offensive
Center Left Wing Right Wing Defense Defense
Leo Carlsson Lucas Raymond Kevin Fiala Zachary Werenski Brent Burns
Last Minutes Defensive
Center Left Wing Right Wing Defense Defense
Leo Carlsson Lucas Raymond Kevin Fiala Zachary Werenski Brent Burns
Goaltenders
Starting : Filip Gustavsson
Backup : Jesper Wallstedt
Extra Forwards
Normal : Matthew Beniers, Shane Wright, Lucas Raymond - PP : Matthew Beniers, Shane Wright - PK : Leo Carlsson
Extra Defensemen
Normal : Noah Dobson, Ryan Lindgren, Justin Faulk - PP : Noah Dobson - PK : Ryan Lindgren, Justin Faulk
Penalty Shots
Leo Carlsson, Lucas Raymond, Kevin Fiala, Barrett Hayton, Matthew Beniers
Scratches
Simon Nemec (Healthy), Zach Whitecloud (Healthy)
Anaheim Ducks
5 vs 5 Forward
Center Left Wing Right Wing Time % Phy DF OF
1 John Tavares Nazem Kadri William Nylander 35 1 2 2
2 Mark Scheifele Chandler Stephenson Mason Marchment 35 1 2 2
3 J.T. Compher Alex Killorn Brayden Schenn 20 1 2 2
4 Parker Kelly Will Cuylle Conor Geekie 10 1 1 3
5 vs 5 Defense
Defense Defense Time % Phy DF OF
1 Esa Lindell Morgan Rielly 37 1 2 2
2 Joshua Morrissey Ivan Provorov 33 1 2 2
3 Philip Broberg Brenden Dillon 30 1 2 2
4 Esa Lindell Ivan Provorov 0 1 2 2
PowerPlay Forward
Center Left Wing Right Wing Time % Phy DF OF
1 John Tavares Nazem Kadri William Nylander 50 1 0 4
2 Mark Scheifele Mason Marchment Brayden Schenn 50 1 0 4
PowerPlay Defense
Defense Defense Time % Phy DF OF
1 Joshua Morrissey Morgan Rielly 60 1 1 3
2 Ivan Provorov Philip Broberg 40 1 2 2
Penalty Kill 4 Players Forward
Center Wing Time % Phy DF OF
1 Chandler Stephenson J.T. Compher 60 1 3 1
2 Brayden Schenn Alex Killorn 40 1 3 1
Penalty Kill 4 Players Defense
Defense Defense Time % Phy DF OF
1 Esa Lindell Ivan Provorov 60 1 4 0
2 Brenden Dillon Philip Broberg 40 1 4 0
Penalty Kill - 3 Players Forward
Forward Time % Phy DF OF
1 Chandler Stephenson 55 1 4 0
2 J.T. Compher 45 1 4 0
Penalty Kill - 3 Players Defense
Defense Defense Time % Phy DF OF
1 Esa Lindell Ivan Provorov 60 1 4 0
2 Brenden Dillon Philip Broberg 40 1 4 0
4 vs 4 Forward
Center Wing Time % Phy DF OF
1 John Tavares William Nylander 50 1 1 3
2 Mark Scheifele Nazem Kadri 50 1 1 3
4 vs 4 Defense
Defense Defense Time % Phy DF OF
1 Esa Lindell Morgan Rielly 60 1 2 2
2 Brenden Dillon Ivan Provorov 40 1 2 2
Last Minutes Offensive
Center Left Wing Right Wing Defense Defense
John Tavares Nazem Kadri William Nylander Joshua Morrissey Morgan Rielly
Last Minutes Defensive
Center Left Wing Right Wing Defense Defense
Chandler Stephenson Alex Killorn J.T. Compher Ivan Provorov Esa Lindell
Goaltenders
Starting : Linus Ullmark
Backup : Alexandar Georgiev
Extra Forwards
Normal : William Nylander, John Tavares, Mark Scheifele - PP : William Nylander, Mark Scheifele - PK : Chandler Stephenson
Extra Defensemen
Normal : Esa Lindell, Ivan Provorov, Morgan Rielly - PP : Morgan Rielly - PK : Esa Lindell, Ivan Provorov
Penalty Shots
Chandler Stephenson, Mark Scheifele, Brayden Schenn, Alex Killorn, William Nylander
Scratches
None
% Time on Ice - Chicago Black Hawks
Lines # - Real PCT - Wanted PCT - Time Play
Normal Forward
1 - 30% - 30% - 15:39
2 - 28% - 30% - 14:41
3 - 26% - 25% - 13:40
4 - 17% - 15% - 8:45
Normal Defense
1 - 30% - 30% - 15:41
2 - 31% - 30% - 16:21
3 - 27% - 25% - 14:00
4 - 13% - 15% - 6:43
PP Forward
1 - 51% - 50% - 0:40
2 - 49% - 50% - 0:38
PP Defense
1 - 51% - 50% - 0:40
2 - 49% - 50% - 0:38
PK Forward
1 - 40% - 50% - 2:22
2 - 60% - 50% - 3:35
PK Defense
1 - 56% - 50% - 3:19
2 - 44% - 50% - 2:38
PK3 Forward
1 - 0% - 50%
2 - 0% - 50%
PK3 Defense
1 - 0% - 50%
2 - 0% - 50%
44 Forward
1 - 0% - 50%
2 - 0% - 50%
44 Defense
1 - 0% - 50%
2 - 0% - 50%
Last Minute Offensive - 0:00
Last Minute Defensive - 0:00
Total
Forward - 60:00
Defense - 60:00
|
% Time on Ice - Anaheim Ducks
Lines # - Real PCT - Wanted PCT - Time Play
Normal Forward
1 - 33% - 35% - 17:33
2 - 29% - 35% - 15:04
3 - 22% - 20% - 11:52
4 - 16% - 10% - 8:16
Normal Defense
1 - 37% - 37% - 19:35
2 - 33% - 33% - 17:12
3 - 30% - 30% - 15:58
4 - 0% - 0% - 0:00
PP Forward
1 - 45% - 50% - 2:39
2 - 55% - 50% - 3:18
PP Defense
1 - 60% - 60% - 3:35
2 - 40% - 40% - 2:22
PK Forward
1 - 74% - 60% - 0:58
2 - 26% - 40% - 0:20
PK Defense
1 - 68% - 60% - 0:53
2 - 32% - 40% - 0:25
PK3 Forward
1 - 0% - 55%
2 - 0% - 45%
PK3 Defense
1 - 0% - 60%
2 - 0% - 40%
44 Forward
1 - 0% - 50%
2 - 0% - 50%
44 Defense
1 - 0% - 60%
2 - 0% - 40%
Last Minute Offensive - 0:00
Last Minute Defensive - 0:00
Total
Forward - 60:00
Defense - 60:00
|
Play-by-Play
1st period
0:01 of 1st period - Leo Carlsson wins face-off versus John Tavares in neutral zone.
0:33 of 1st period - Slapshot by Shane Wright.
0:33 of 1st period - Shot Misses the Net.
0:51 of 1st period - Ryan Suzuki is hit by Will Cuylle and loses puck.
2:59 of 1st period - Esa Lindell is hit by Kevin Fiala and loses puck.
3:12 of 1st period - Alex Killorn is hit by Luke Glendening.
3:16 of 1st period - Backhand shot by Morgan Rielly.
3:16 of 1st period - Stopped by Filip Gustavsson with a rebound.
3:29 of 1st period - Wrist shot by Brayden Schenn.
3:29 of 1st period - Shot Blocked by Christopher Tanev.
3:31 of 1st period - Snap shot by Alex Killorn.
3:31 of 1st period - Goal by Alex Killorn - Chicago Black Hawks : 0 - Anaheim Ducks : 1.
3:32 of 1st period - Mark Scheifele wins face-off versus Barrett Hayton in neutral zone.
3:57 of 1st period - Zachary Werenski is hit by John Tavares and loses puck.
4:10 of 1st period - Slapshot by William Nylander.
4:10 of 1st period - Stopped by Filip Gustavsson without a rebound.
4:11 of 1st period - Leo Carlsson wins face-off versus Mark Scheifele in Chicago Black Hawks zone.
5:27 of 1st period - Leo Carlsson is hit by Mason Marchment and loses puck.
5:38 of 1st period - Wrist shot by Mark Scheifele.
5:38 of 1st period - Shot Misses the Net.
5:48 of 1st period - Brenden Dillon is hit by Morgan Geekie.
6:46 of 1st period - Wrist shot by Trevor Zegras.
6:46 of 1st period - Stopped by Linus Ullmark with a rebound.
7:09 of 1st period - Snap shot by Morgan Geekie.
7:09 of 1st period - Stopped by Linus Ullmark with a rebound.
7:33 of 1st period - Esa Lindell is hit by Lucas Raymond and loses puck.
8:22 of 1st period - Trevor Lewis is hit by Brenden Dillon and loses puck.
8:39 of 1st period - Mason Marchment is hit by Luke Glendening and loses puck.
8:51 of 1st period - Luke Glendening is hit by Mark Scheifele and loses puck.
9:06 of 1st period - Wrist shot by Barrett Hayton.
9:06 of 1st period - Stopped by Linus Ullmark without a rebound.
9:07 of 1st period - Morgan Geekie wins face-off versus John Tavares in Anaheim Ducks zone.
9:14 of 1st period - Snap shot by Morgan Geekie.
9:14 of 1st period - Stopped by Linus Ullmark with a rebound.
9:32 of 1st period - Slapshot by Barrett Hayton.
9:32 of 1st period - Stopped by Linus Ullmark without a rebound.
9:33 of 1st period - Leo Carlsson wins face-off versus Mark Scheifele in Anaheim Ducks zone.
10:10 of 1st period - Snap shot by J.T. Compher.
10:10 of 1st period - Shot Blocked by Brent Burns.
10:38 of 1st period - Icing by Brent Burns.
10:39 of 1st period - Parker Kelly wins face-off versus Luke Glendening in Chicago Black Hawks zone.
11:14 of 1st period - Wrist shot by Nazem Kadri.
11:14 of 1st period - Shot Misses the Net.
11:16 of 1st period - Snap shot by John Tavares.
11:16 of 1st period - Stopped by Filip Gustavsson with a rebound.
11:22 of 1st period - Wrist shot by Nazem Kadri.
11:22 of 1st period - Stopped by Filip Gustavsson with a rebound.
12:14 of 1st period - Brenden Dillon is hit by Matthew Beniers and loses puck.
12:59 of 1st period - Minor Penalty to Ryan Suzuki for Roughing.
13:00 of 1st period - Leo Carlsson wins face-off versus John Tavares in Chicago Black Hawks zone.
13:13 of 1st period - Wrist shot by John Tavares.
13:13 of 1st period - Shot Blocked by Barrett Hayton.
14:59 of 1st period - Penalty to Ryan Suzuki is over, Ryan Suzuki is back on ice.
15:17 of 1st period - Wrist shot by Shane Wright.
15:17 of 1st period - Deflect By Trevor Zegras.
15:17 of 1st period - Stopped by Linus Ullmark without a rebound.
15:18 of 1st period - Matthew Beniers wins face-off versus Parker Kelly in Anaheim Ducks zone.
15:50 of 1st period - Philip Broberg is hit by Morgan Geekie and loses puck.
16:14 of 1st period - Slapshot by Trevor Zegras.
16:14 of 1st period - Stopped by Linus Ullmark with a rebound.
16:46 of 1st period - Snap shot by Chandler Stephenson.
16:46 of 1st period - Deflect By Justin Faulk.
16:46 of 1st period - Shot Blocked by Christopher Tanev.
16:46 of 1st period - Puck is out of play.
16:47 of 1st period - John Tavares wins face-off versus Matthew Beniers in Chicago Black Hawks zone.
17:27 of 1st period - Snap shot by Leo Carlsson.
17:27 of 1st period - Shot Misses the Net.
17:29 of 1st period - Snap shot by Leo Carlsson.
17:29 of 1st period - Stopped by Linus Ullmark with a rebound.
17:49 of 1st period - Snap shot by Brayden Schenn.
17:49 of 1st period - Shot Misses the Net.
17:51 of 1st period - Snap shot by Brenden Dillon.
17:51 of 1st period - Shot Misses the Net.
18:25 of 1st period - Morgan Rielly is hit by Ryan Lindgren and loses puck.
18:30 of 1st period - Wrist shot by Shane Wright.
18:30 of 1st period - Shot Misses the Net.
18:40 of 1st period - Wrist shot by Mark Scheifele.
18:40 of 1st period - Shot Blocked by Lucas Raymond.
19:05 of 1st period - Off-side.
19:06 of 1st period - J.T. Compher wins face-off versus Barrett Hayton in neutral zone.
19:13 of 1st period - Snap shot by Brayden Schenn.
19:13 of 1st period - Shot Misses the Net.
19:55 of 1st period - Snap shot by William Nylander.
19:55 of 1st period - Stopped by Filip Gustavsson with a rebound.
19:57 of 1st period - Slapshot by Nazem Kadri.
19:57 of 1st period - Shot Misses the Net.
Goals for this period are 0 for Chicago Black Hawks vs 1 for Anaheim Ducks.
Shots for this period are 8 for Chicago Black Hawks vs 6 for Anaheim Ducks.
2nd period
0:01 of 2nd period - Mark Scheifele wins face-off versus Leo Carlsson in neutral zone.
0:04 of 2nd period - Snap shot by Chandler Stephenson.
0:04 of 2nd period - Goal by Chandler Stephenson - Chicago Black Hawks : 0 - Anaheim Ducks : 2.
0:05 of 2nd period - John Tavares wins face-off versus Leo Carlsson in neutral zone.
0:10 of 2nd period - Wrist shot by Nazem Kadri.
0:10 of 2nd period - Shot Misses the Net.
0:37 of 2nd period - Morgan Geekie is hit by J.T. Compher and loses puck.
0:52 of 2nd period - Minor Penalty to Barrett Hayton for Interference.
0:53 of 2nd period - Leo Carlsson wins face-off versus Mark Scheifele in Chicago Black Hawks zone.
1:00 of 2nd period - Wrist shot by Leo Carlsson.
1:00 of 2nd period - Stopped by Linus Ullmark with a rebound.
1:02 of 2nd period - Slapshot by Justin Faulk.
1:02 of 2nd period - Shot Blocked by Joshua Morrissey.
2:17 of 2nd period - Leo Carlsson is hit by William Nylander and loses puck.
2:52 of 2nd period - Penalty to Barrett Hayton is over, Barrett Hayton is back on ice.
2:58 of 2nd period - Snap shot by J.T. Compher.
2:58 of 2nd period - Shot Misses the Net.
3:00 of 2nd period - Slapshot by Joshua Morrissey.
3:00 of 2nd period - Stopped by Filip Gustavsson without a rebound.
3:01 of 2nd period - Barrett Hayton wins face-off versus Parker Kelly in Chicago Black Hawks zone.
3:01 of 2nd period - Barrett Hayton is hit by Parker Kelly.
3:13 of 2nd period - Wrist shot by Conor Geekie.
3:13 of 2nd period - Stopped by Filip Gustavsson without a rebound.
3:14 of 2nd period - Matthew Beniers wins face-off versus John Tavares in Chicago Black Hawks zone.
3:27 of 2nd period - Snap shot by John Tavares.
3:27 of 2nd period - Stopped by Filip Gustavsson with a rebound.
3:29 of 2nd period - Slapshot by Brenden Dillon.
3:29 of 2nd period - Deflect By John Tavares.
3:29 of 2nd period - Stopped by Filip Gustavsson without a rebound.
3:30 of 2nd period - Leo Carlsson wins face-off versus Mark Scheifele in Chicago Black Hawks zone.
3:41 of 2nd period - Snap shot by Lucas Raymond.
3:41 of 2nd period - Stopped by Linus Ullmark without a rebound.
3:42 of 2nd period - Mark Scheifele wins face-off versus Leo Carlsson in Anaheim Ducks zone.
3:57 of 2nd period - Wrist shot by Lucas Raymond.
3:57 of 2nd period - Shot Blocked by Esa Lindell.
3:59 of 2nd period - Slapshot by Zachary Werenski.
3:59 of 2nd period - Shot Blocked by Morgan Rielly.
4:21 of 2nd period - Nazem Kadri is hit by Barrett Hayton and loses puck.
5:00 of 2nd period - Snap shot by Leo Carlsson.
5:00 of 2nd period - Shot Misses the Net.
5:06 of 2nd period - Justin Faulk is hit by Joshua Morrissey and loses puck.
6:01 of 2nd period - Wrist shot by Lucas Raymond.
6:01 of 2nd period - Deflect By Leo Carlsson.
6:01 of 2nd period - Shot Hit the Post.
6:01 of 2nd period - Puck is out of play.
6:02 of 2nd period - Mark Scheifele wins face-off versus Leo Carlsson in Anaheim Ducks zone.
6:02 of 2nd period - Mark Scheifele is hit by Kevin Fiala.
6:10 of 2nd period - Slapshot by Joshua Morrissey.
6:10 of 2nd period - Deflect By Mark Scheifele.
6:10 of 2nd period - Shot Misses the Net.
6:10 of 2nd period - Puck is out of play.
6:11 of 2nd period - Mark Scheifele wins face-off versus Leo Carlsson in Chicago Black Hawks zone.
6:16 of 2nd period - Wrist shot by Mark Scheifele.
6:16 of 2nd period - Shot Misses the Net.
6:29 of 2nd period - Icing by Chandler Stephenson.
6:30 of 2nd period - Mark Scheifele wins face-off versus Matthew Beniers in Anaheim Ducks zone.
7:02 of 2nd period - Noah Dobson is hit by Morgan Rielly and loses puck.
7:23 of 2nd period - Barrett Hayton is hit by Brayden Schenn and loses puck.
7:32 of 2nd period - Esa Lindell is hit by Ryan Suzuki and loses puck.
7:45 of 2nd period - Wrist shot by Will Cuylle.
7:45 of 2nd period - Stopped by Filip Gustavsson without a rebound.
7:46 of 2nd period - Parker Kelly wins face-off versus Leo Carlsson in Chicago Black Hawks zone.
7:47 of 2nd period - Wrist shot by Will Cuylle.
7:47 of 2nd period - Shot Misses the Net.
7:49 of 2nd period - Snap shot by Philip Broberg.
7:49 of 2nd period - Deflect By Lucas Raymond.
7:49 of 2nd period - Stopped by Filip Gustavsson without a rebound.
7:50 of 2nd period - Leo Carlsson wins face-off versus Parker Kelly in Chicago Black Hawks zone.
7:50 of 2nd period - Leo Carlsson is hit by Will Cuylle.
7:55 of 2nd period - Icing by Lucas Raymond.
7:56 of 2nd period - John Tavares wins face-off versus Lucas Raymond in Chicago Black Hawks zone.
8:05 of 2nd period - Snap shot by Nazem Kadri.
8:05 of 2nd period - Stopped by Filip Gustavsson with a rebound.
8:09 of 2nd period - Wrist shot by John Tavares.
8:09 of 2nd period - Deflect By Christopher Tanev.
8:09 of 2nd period - Stopped by Filip Gustavsson without a rebound.
8:10 of 2nd period - Matthew Beniers wins face-off versus Mark Scheifele in Chicago Black Hawks zone.
8:10 of 2nd period - Matthew Beniers is hit by Morgan Rielly.
8:17 of 2nd period - Zachary Werenski is hit by Esa Lindell and loses puck.
8:24 of 2nd period - Snap shot by Shane Wright.
8:24 of 2nd period - Stopped by Linus Ullmark with a rebound.
8:38 of 2nd period - Icing by Barrett Hayton.
8:39 of 2nd period - John Tavares wins face-off versus Barrett Hayton in Chicago Black Hawks zone.
9:02 of 2nd period - Snap shot by Morgan Geekie.
9:02 of 2nd period - Stopped by Linus Ullmark without a rebound.
9:03 of 2nd period - Mark Scheifele wins face-off versus Leo Carlsson in Anaheim Ducks zone.
9:18 of 2nd period - Wrist shot by Chandler Stephenson.
9:18 of 2nd period - Stopped by Filip Gustavsson without a rebound.
9:19 of 2nd period - Matthew Beniers wins face-off versus John Tavares in Chicago Black Hawks zone.
9:40 of 2nd period - Minor Penalty to Nazem Kadri for High sticking.
9:41 of 2nd period - Chandler Stephenson wins face-off versus Leo Carlsson in Anaheim Ducks zone.
10:32 of 2nd period - Icing by Christopher Tanev.
10:33 of 2nd period - Barrett Hayton wins face-off versus Brayden Schenn in Chicago Black Hawks zone.
10:56 of 2nd period - Snap shot by Leo Carlsson.
10:56 of 2nd period - Stopped by Linus Ullmark with a rebound.
10:58 of 2nd period - Slapshot by Leo Carlsson.
10:58 of 2nd period - Goal by Leo Carlsson - Chicago Black Hawks : 1 - Anaheim Ducks : 2.
10:59 of 2nd period - Lucas Raymond wins face-off versus John Tavares in neutral zone.
11:02 of 2nd period - Wrist shot by Lucas Raymond.
11:02 of 2nd period - Stopped by Linus Ullmark with a rebound.
11:04 of 2nd period - Backhand shot by Leo Carlsson.
11:04 of 2nd period - Shot Blocked by Nazem Kadri.
11:06 of 2nd period - Snap shot by Leo Carlsson.
11:06 of 2nd period - Shot Misses the Net.
11:08 of 2nd period - Wrist shot by Lucas Raymond.
11:08 of 2nd period - Stopped by Linus Ullmark with a rebound.
11:10 of 2nd period - Slapshot by Justin Faulk.
11:10 of 2nd period - Stopped by Linus Ullmark with a rebound.
11:12 of 2nd period - Wrist shot by Justin Faulk.
11:12 of 2nd period - Stopped by Linus Ullmark without a rebound.
11:13 of 2nd period - Mark Scheifele wins face-off versus Morgan Geekie in Anaheim Ducks zone.
11:18 of 2nd period - Snap shot by Chandler Stephenson.
11:18 of 2nd period - Shot Blocked by Ryan Suzuki.
11:39 of 2nd period - John Tavares is hit by Shane Wright and loses puck.
11:44 of 2nd period - Snap shot by Shane Wright.
11:44 of 2nd period - Stopped by Linus Ullmark without a rebound.
11:45 of 2nd period - John Tavares wins face-off versus Leo Carlsson in Anaheim Ducks zone.
12:14 of 2nd period - Wrist shot by Mark Scheifele.
12:14 of 2nd period - Goal by Mark Scheifele - Chicago Black Hawks : 1 - Anaheim Ducks : 3.
12:15 of 2nd period - Shane Wright wins face-off versus Mark Scheifele in neutral zone.
12:27 of 2nd period - Backhand shot by Mark Scheifele.
12:27 of 2nd period - Shot Misses the Net.
12:29 of 2nd period - Wrist shot by Chandler Stephenson.
12:29 of 2nd period - Stopped by Filip Gustavsson with a rebound.
12:31 of 2nd period - Wrist shot by Chandler Stephenson.
12:31 of 2nd period - Stopped by Filip Gustavsson with a rebound.
13:41 of 2nd period - Off-side.
13:42 of 2nd period - Mark Scheifele wins face-off versus Matthew Beniers in neutral zone.
14:17 of 2nd period - Brenden Dillon is hit by Brent Burns and loses puck.
14:50 of 2nd period - Slapshot by Zachary Werenski.
14:50 of 2nd period - Shot Misses the Net.
14:52 of 2nd period - Wrist shot by Morgan Geekie.
14:52 of 2nd period - Deflect By Ryan Suzuki.
14:52 of 2nd period - Stopped by Linus Ullmark without a rebound.
14:53 of 2nd period - Barrett Hayton wins face-off versus Parker Kelly in Anaheim Ducks zone.
15:41 of 2nd period - Will Cuylle is hit by Lucas Raymond and loses puck.
15:48 of 2nd period - Slapshot by Leo Carlsson.
15:48 of 2nd period - Shot Blocked by Will Cuylle.
15:50 of 2nd period - Snap shot by Kevin Fiala.
15:50 of 2nd period - Shot Misses the Net.
15:52 of 2nd period - Wrist shot by Kevin Fiala.
15:52 of 2nd period - Shot Misses the Net.
16:58 of 2nd period - Snap shot by Matthew Beniers.
16:58 of 2nd period - Shot Blocked by Brayden Schenn.
17:31 of 2nd period - Snap shot by Trevor Zegras.
17:31 of 2nd period - Stopped by Linus Ullmark without a rebound.
17:32 of 2nd period - J.T. Compher wins face-off versus Leo Carlsson in Anaheim Ducks zone.
17:32 of 2nd period - J.T. Compher is hit by Leo Carlsson.
18:14 of 2nd period - Mark Scheifele is hit by Barrett Hayton.
18:35 of 2nd period - Snap shot by Shane Wright.
18:35 of 2nd period - Deflect By Matthew Beniers.
18:35 of 2nd period - Stopped by Linus Ullmark without a rebound.
18:36 of 2nd period - Leo Carlsson wins face-off versus Alex Killorn in Anaheim Ducks zone.
18:51 of 2nd period - Zachary Werenski is hit by Alex Killorn and loses puck.
19:04 of 2nd period - Esa Lindell is hit by Ryan Suzuki and loses puck.
Goals for this period are 1 for Chicago Black Hawks vs 2 for Anaheim Ducks.
Shots for this period are 14 for Chicago Black Hawks vs 13 for Anaheim Ducks.
3rd period
0:01 of 3rd period - Mark Scheifele wins face-off versus Leo Carlsson in neutral zone.
1:01 of 3rd period - Off-side.
1:02 of 3rd period - Leo Carlsson wins face-off versus Chandler Stephenson in neutral zone.
1:07 of 3rd period - Wrist shot by Mark Scheifele.
1:07 of 3rd period - Shot Misses the Net.
1:17 of 3rd period - Backhand shot by Mark Scheifele.
1:17 of 3rd period - Shot Blocked by Lucas Raymond.
1:19 of 3rd period - Slapshot by Brenden Dillon.
1:19 of 3rd period - Stopped by Filip Gustavsson with a rebound.
1:29 of 3rd period - Morgan Geekie is hit by Philip Broberg and loses puck.
2:12 of 3rd period - Snap shot by Mark Scheifele.
2:12 of 3rd period - Stopped by Filip Gustavsson without a rebound.
2:13 of 3rd period - Leo Carlsson wins face-off versus Mark Scheifele in Chicago Black Hawks zone.
3:07 of 3rd period - Slapshot by Matthew Beniers.
3:07 of 3rd period - Stopped by Linus Ullmark with a rebound.
3:09 of 3rd period - Wrist shot by Shane Wright.
3:09 of 3rd period - Shot Misses the Net.
3:11 of 3rd period - Slapshot by Brent Burns.
3:11 of 3rd period - Stopped by Linus Ullmark with a rebound.
3:54 of 3rd period - Snap shot by Brayden Schenn.
3:54 of 3rd period - Shot Blocked by Zachary Werenski.
3:56 of 3rd period - Snap shot by J.T. Compher.
3:56 of 3rd period - Shot Blocked by Brent Burns.
3:58 of 3rd period - Slapshot by Alex Killorn.
3:58 of 3rd period - Stopped by Filip Gustavsson without a rebound.
3:59 of 3rd period - Mark Scheifele wins face-off versus Barrett Hayton in Chicago Black Hawks zone.
4:14 of 3rd period - Snap shot by Chandler Stephenson.
4:14 of 3rd period - Stopped by Filip Gustavsson without a rebound.
4:15 of 3rd period - John Tavares wins face-off versus Lucas Raymond in Chicago Black Hawks zone.
4:25 of 3rd period - Minor Penalty to Kevin Fiala for Holding Stick.
4:26 of 3rd period - Mark Scheifele wins face-off versus Leo Carlsson in Chicago Black Hawks zone.
4:28 of 3rd period - Wrist shot by Mark Scheifele.
4:28 of 3rd period - Deflect By Mason Marchment.
4:28 of 3rd period - Shot Misses the Net.
4:28 of 3rd period - Puck is out of play.
4:29 of 3rd period - Mark Scheifele wins face-off versus Leo Carlsson in Chicago Black Hawks zone.
4:32 of 3rd period - Snap shot by Mark Scheifele.
4:32 of 3rd period - Shot Misses the Net.
4:34 of 3rd period - Snap shot by Joshua Morrissey.
4:34 of 3rd period - Stopped by Filip Gustavsson without a rebound.
4:35 of 3rd period - Mark Scheifele wins face-off versus Leo Carlsson in Chicago Black Hawks zone.
5:28 of 3rd period - Slapshot by Mason Marchment.
5:28 of 3rd period - Deflect By Lucas Raymond.
5:28 of 3rd period - Stopped by Filip Gustavsson without a rebound.
5:29 of 3rd period - John Tavares wins face-off versus Trevor Zegras in Chicago Black Hawks zone.
6:25 of 3rd period - Penalty to Kevin Fiala is over, Kevin Fiala is back on ice.
6:31 of 3rd period - Noah Dobson is hit by Conor Geekie and loses puck.
6:35 of 3rd period - Icing by Matthew Beniers.
6:36 of 3rd period - Parker Kelly wins face-off versus Matthew Beniers in Chicago Black Hawks zone.
7:24 of 3rd period - Slapshot by Chandler Stephenson.
7:24 of 3rd period - Shot Misses the Net.
7:26 of 3rd period - Snap shot by Chandler Stephenson.
7:26 of 3rd period - Shot Blocked by Justin Faulk.
8:08 of 3rd period - Slapshot by John Tavares.
8:08 of 3rd period - Shot Blocked by Brent Burns.
8:10 of 3rd period - Slapshot by Ivan Provorov.
8:10 of 3rd period - Shot Hit the Post.
8:20 of 3rd period - Chandler Stephenson is hit by Trevor Lewis.
9:01 of 3rd period - Snap shot by Brayden Schenn.
9:01 of 3rd period - Stopped by Filip Gustavsson without a rebound.
9:02 of 3rd period - Barrett Hayton wins face-off versus Mark Scheifele in Chicago Black Hawks zone.
9:35 of 3rd period - Slapshot by Zachary Werenski.
9:35 of 3rd period - Shot Misses the Net.
9:37 of 3rd period - Snap shot by Trevor Zegras.
9:37 of 3rd period - Shot Misses the Net.
9:54 of 3rd period - Wrist shot by Lucas Raymond.
9:54 of 3rd period - Shot Blocked by Joshua Morrissey.
9:56 of 3rd period - Slapshot by Kevin Fiala.
9:56 of 3rd period - Stopped by Linus Ullmark with a rebound.
9:58 of 3rd period - Wrist shot by Kevin Fiala.
9:58 of 3rd period - Shot Misses the Net.
10:12 of 3rd period - Wrist shot by Will Cuylle.
10:12 of 3rd period - Goal by Will Cuylle - Chicago Black Hawks : 1 - Anaheim Ducks : 4.
10:13 of 3rd period - Barrett Hayton wins face-off versus Mark Scheifele in neutral zone.
10:18 of 3rd period - Snap shot by Morgan Geekie.
10:18 of 3rd period - Shot Misses the Net.
10:43 of 3rd period - Snap shot by Lucas Raymond.
10:43 of 3rd period - Stopped by Linus Ullmark without a rebound.
10:44 of 3rd period - Leo Carlsson wins face-off versus John Tavares in Anaheim Ducks zone.
10:49 of 3rd period - Snap shot by Lucas Raymond.
10:49 of 3rd period - Shot Misses the Net.
11:39 of 3rd period - Backhand shot by William Nylander.
11:39 of 3rd period - Stopped by Filip Gustavsson with a rebound.
11:47 of 3rd period - Slapshot by John Tavares.
11:47 of 3rd period - Deflect By Nazem Kadri.
11:47 of 3rd period - Shot Blocked by Lucas Raymond.
11:47 of 3rd period - Puck is out of play.
11:48 of 3rd period - Barrett Hayton wins face-off versus Mark Scheifele in Chicago Black Hawks zone.
11:53 of 3rd period - Slapshot by Noah Dobson.
11:53 of 3rd period - Stopped by Linus Ullmark with a rebound.
11:55 of 3rd period - Slapshot by Noah Dobson.
11:55 of 3rd period - Deflect By Morgan Geekie.
11:55 of 3rd period - Shot Misses the Net.
11:55 of 3rd period - Puck is out of play.
11:56 of 3rd period - Mark Scheifele wins face-off versus Barrett Hayton in Anaheim Ducks zone.
12:47 of 3rd period - Morgan Rielly is hit by Luke Glendening and loses puck.
13:09 of 3rd period - Wrist shot by Morgan Geekie.
13:09 of 3rd period - Shot Misses the Net.
13:44 of 3rd period - Snap shot by J.T. Compher.
13:44 of 3rd period - Shot Blocked by Christopher Tanev.
13:46 of 3rd period - Slapshot by Morgan Rielly.
13:46 of 3rd period - Stopped by Filip Gustavsson with a rebound.
13:48 of 3rd period - Slapshot by Esa Lindell.
13:48 of 3rd period - Stopped by Filip Gustavsson without a rebound.
13:49 of 3rd period - J.T. Compher wins face-off versus Barrett Hayton in Chicago Black Hawks zone.
13:54 of 3rd period - Snap shot by Brayden Schenn.
13:54 of 3rd period - Deflect By J.T. Compher.
13:54 of 3rd period - Shot Blocked by Ryan Lindgren.
13:54 of 3rd period - Puck is out of play.
13:55 of 3rd period - Mark Scheifele wins face-off versus Barrett Hayton in Chicago Black Hawks zone.
13:56 of 3rd period - Slapshot by Chandler Stephenson.
13:56 of 3rd period - Stopped by Filip Gustavsson with a rebound.
14:42 of 3rd period - Philip Broberg is hit by Trevor Lewis and loses puck.
14:53 of 3rd period - Wrist shot by Luke Glendening.
14:53 of 3rd period - Stopped by Linus Ullmark with a rebound.
15:11 of 3rd period - Wrist shot by Shane Wright.
15:11 of 3rd period - Deflect By Eeli Tolvanen.
15:11 of 3rd period - Goal by Eeli Tolvanen - Chicago Black Hawks : 2 - Anaheim Ducks : 4.
15:12 of 3rd period - John Tavares wins face-off versus Matthew Beniers in neutral zone.
15:30 of 3rd period - Off-side.
15:31 of 3rd period - Luke Glendening wins face-off versus J.T. Compher in neutral zone.
15:44 of 3rd period - Snap shot by Trevor Zegras.
15:44 of 3rd period - Shot Misses the Net.
15:56 of 3rd period - Nazem Kadri is hit by Justin Faulk and loses puck.
16:40 of 3rd period - Snap shot by Brayden Schenn.
16:40 of 3rd period - Stopped by Filip Gustavsson without a rebound.
16:41 of 3rd period - Matthew Beniers wins face-off versus Alex Killorn in Chicago Black Hawks zone.
16:53 of 3rd period - Wrist shot by J.T. Compher.
16:53 of 3rd period - Shot Blocked by Noah Dobson.
17:07 of 3rd period - Snap shot by Leo Carlsson.
17:07 of 3rd period - Shot Blocked by Brayden Schenn.
17:09 of 3rd period - Wrist shot by Kevin Fiala.
17:09 of 3rd period - Shot Misses the Net.
17:11 of 3rd period - Wrist shot by Kevin Fiala.
17:11 of 3rd period - Shot Blocked by Brenden Dillon.
17:13 of 3rd period - Slapshot by Justin Faulk.
17:13 of 3rd period - Shot Blocked by Philip Broberg.
17:21 of 3rd period - Wrist shot by Brayden Schenn.
17:21 of 3rd period - Shot Blocked by Christopher Tanev.
17:53 of 3rd period - Slapshot by Chandler Stephenson.
17:53 of 3rd period - Stopped by Filip Gustavsson with a rebound.
18:23 of 3rd period - Snap shot by Shane Wright.
18:23 of 3rd period - Deflect By Matthew Beniers.
18:23 of 3rd period - Shot Misses the Net.
18:23 of 3rd period - Puck is out of play.
18:24 of 3rd period - Luke Glendening wins face-off versus John Tavares in Anaheim Ducks zone.
18:25 of 3rd period - Snap shot by Trevor Zegras.
18:25 of 3rd period - Stopped by Linus Ullmark without a rebound.
18:26 of 3rd period - Luke Glendening wins face-off versus John Tavares in Anaheim Ducks zone.
18:27 of 3rd period - Slapshot by Trevor Zegras.
18:27 of 3rd period - Stopped by Linus Ullmark without a rebound.
18:28 of 3rd period - Luke Glendening wins face-off versus John Tavares in Anaheim Ducks zone.
18:29 of 3rd period - Slapshot by Trevor Zegras.
18:29 of 3rd period - Stopped by Linus Ullmark with a rebound.
18:31 of 3rd period - Wrist shot by Luke Glendening.
18:31 of 3rd period - Shot Misses the Net.
18:33 of 3rd period - Snap shot by Trevor Zegras.
18:33 of 3rd period - Deflect By Morgan Rielly.
18:33 of 3rd period - Stopped by Linus Ullmark with a rebound.
18:35 of 3rd period - Slapshot by Trevor Lewis.
18:35 of 3rd period - Shot Misses the Net.
18:37 of 3rd period - Slapshot by Ryan Lindgren.
18:37 of 3rd period - Shot Blocked by John Tavares.
18:39 of 3rd period - Slapshot by Noah Dobson.
18:39 of 3rd period - Stopped by Linus Ullmark without a rebound.
18:40 of 3rd period - Matthew Beniers wins face-off versus J.T. Compher in Anaheim Ducks zone.
18:41 of 3rd period - Snap shot by Shane Wright.
18:41 of 3rd period - Stopped by Linus Ullmark without a rebound.
18:42 of 3rd period - Shane Wright wins face-off versus J.T. Compher in Anaheim Ducks zone.
18:49 of 3rd period - Snap shot by Shane Wright.
18:49 of 3rd period - Shot Blocked by Alex Killorn.
19:16 of 3rd period - Slapshot by Joshua Morrissey.
19:16 of 3rd period - Shot Blocked by Luke Glendening.
19:18 of 3rd period - Snap shot by William Nylander.
19:18 of 3rd period - Shot Misses the Net.
19:32 of 3rd period - Wrist shot by Lucas Raymond.
19:32 of 3rd period - Stopped by Linus Ullmark without a rebound.
19:33 of 3rd period - Leo Carlsson wins face-off versus John Tavares in Anaheim Ducks zone.
Goals for this period are 1 for Chicago Black Hawks vs 1 for Anaheim Ducks.
Shots for this period are 14 for Chicago Black Hawks vs 14 for Anaheim Ducks.
Back to the Top